 Dungeon Crawl Stone Soup version 0.29.0-11-gd7f09526c8 (webtiles) character file.

Game seed: 2472738871821452026

82 raistware the Conjurer (level 4, -2/27 HPs)
             Began as an Octopode Conjurer on Sept 2, 2022.
             Slain by a goblin
             ... wielding a +0 dagger
              (4 damage)
             ... on level 4 of the Dungeon.
             The game lasted 00:04:39 (3515 turns).

raistware the Conjurer (Octopode Conjurer)          Turns: 3515, Time: 00:04:40

Health: -2/27      AC:  1    Str:  6    XL:     4   Next: 43%
Magic:  8/10       EV: 13    Int: 22    God:
Gold:   122        SH:  0    Dex: 10    Spells: 6/11 levels left

rFire   + . .      SeeInvis .   (no weapon)
rCold   . . .      Faith    .   (no shield)
rNeg    . . .      Spirit   .   (helmet restricted)
rPois   .          Reflect  .   d - amulet of the acrobat
rElec   .          Harm     .   o - ring of protection from fire
rCorr   .          Rampage  .   (no ring)
Will    .....                   (no ring)
Stlth   +++.......              (no ring)
HPRegen 0.09/turn               (no ring)
MPRegen 0.12/turn               (no ring)
                                (no ring)
                                (no ring)

@: no status effects
A: almost no armour, amphibious, 8 rings, camouflage 1, gelatinous body 1,
(nimble swimmer 1), tentacles
a: no special abilities


You were on level 4 of the Dungeon.
You visited 1 branch of the dungeon, and saw 4 of its levels.

You collected 122 gold pieces.

Inventory:

Missiles
 j - 6 javelins
Jewellery
 d - an amulet of the acrobat (around mantle)
 o - a ring of protection from fire (left tentacle)
Wands
 n - a wand of polymorph (9)
Scrolls
 e - 2 scrolls of identify {unknown}
 g - a scroll of torment {unknown}
 h - a scroll of teleportation {unknown}
 i - a scroll of immolation {unknown}
 k - a scroll of fog {unknown}
 l - a scroll of poison {unknown}
 r - a scroll of magic mapping {unknown}
Potions
 a - 2 potions of magic
 b - a potion of curing {unknown}
 c - a potion of lignification {unknown}
 f - a potion of heal wounds {unknown}
 m - a potion of ambrosia {unknown}
 p - 2 potions of degeneration {unknown}
 q - a potion of haste {unknown}
 s - a potion of berserk rage {unknown}
 t - 2 potions of might {unknown}


   Skills:
 - Level 2.0 Dodging
 - Level 3.0 Stealth
 + Level 4.0 Spellcasting
 + Level 4.0 Conjurations
 + Level 0.2 Translocations


You had 6 spell levels left.
You knew the following spells:

 Your Spells              Type           Power      Damage    Failure   Level
a - Magic Dart            Conj           88%        1d7       1%          1
b - Iskenderun's Mystic   Conj/Tloc      14%        2d5       41%         4

Your spell library contained the following spells:

 Spells                   Type           Power      Damage    Failure   Level
 Searing Ray              Conj           44%        2d6       3%          2
 Freeze                   Ice            16%        1d4       11%         1
 Dazzling Flash           Conj/Hex       26%        N/A       14%         3
 Frozen Ramparts          Ice            8%         1d2       32%         3
 Fulminant Prism          Conj/Hex       6%         3d7       43%         4
 Hailstorm                Conj/Ice       13%        3d5       43%         4


Dungeon Overview and Level Annotations

Branches:
Dungeon (4/15)
 Temple: D:4-7

Altars:
Elyvilon


Innate Abilities, Weirdness & Mutations

You cannot wear most types of armour.
You are amphibious.
You can wear up to eight rings at the same time.
Your skin changes colour to match your surroundings (Stealth+).
Your rubbery body absorbs attacks. (AC +1, EV +1)
((You are camouflaged when in or above water. (Stealth+)))
You have tentacles for arms and can constrict up to eight enemies at once.


Message History

You constrict the iguana, but do no damage.
The iguana barely misses you. The goblin hits you with a +0 dagger.
You barely miss the iguana. You squeeze the iguana.
The iguana is moderately wounded.
You constrict the iguana, but do no damage.
The goblin hits you with a +0 dagger. The iguana completely misses you.
You tentacle-slap the iguana.
The iguana is moderately wounded.
You constrict the iguana, but do no damage.
The goblin closely misses you. The iguana misses you.
You tentacle-slap the iguana. You squeeze the iguana.
The iguana is heavily wounded.
You constrict the iguana. The iguana bites you.
The goblin hits you with a +0 dagger.
You tentacle-slap the iguana but do no damage.
The iguana is heavily wounded.
You constrict the iguana. The iguana bites you!
Ouch! That really hurt!
* * * LOW HITPOINT WARNING * * *
The goblin completely misses you.
You are too injured to fight recklessly!
Unknown command.
Casting: Magic Dart (safe; 1% risk of failure)
Confirm with . or Enter, or press ? or * to list all spells.
Aiming: Magic Dart (safe; 1% risk of failure)
Press: ? - help, Shift-Dir - straight line, f - iguana
Aim: an iguana (severely wounded, constricted by you, 100% to hit)
The magic dart hits the iguana.
The iguana is severely wounded.
You constrict the iguana. The goblin closely misses you.
The iguana closely misses you.
Casting: Magic Dart (safe; 1% risk of failure)
Confirm with . or Enter, or press ? or * to list all spells.
Aiming: Magic Dart (safe; 1% risk of failure)
Press: ? - help, Shift-Dir - straight line, f/p - iguana
Aim: an iguana (almost dead, constricted by you, 100% to hit)
The magic dart hits the iguana.
You kill the iguana!
The goblin hits you with a +0 dagger.
You die...

#..........#
#..........#
#.......>..#
#..........#
#..........#
###..........##
...............
#....@g....#
#.....†....#
#......##.####
....### .# ###
#


You could see a goblin.

Vanquished Creatures
  An iguana (D:4)
  An adder (D:2)
  2 worms (D:2)
  2 ball pythons
  5 endoplasms
  3 giant cockroaches (D:1)
  3 goblins
  6 hobgoblins
  6 jackals
  5 quokkas
  7 bats
  5 frilled lizards
  9 kobolds
  8 rats
63 creatures vanquished.

Notes
Turn   | Place    | Note
-------+----------+-------------------------------------------
     0 | D:1      | raistware the Octopode Conjurer began the quest for the
                  | Orb.
     0 | D:1      | Reached XP level 1. HP: 11/11 MP: 3/3
     3 | D:1      | Noticed an electric eel
     4 | D:1      | Noticed an electric eel
   184 | D:1      | Found a faded altar of an unknown god.
   206 | D:1      | Reached XP level 2. HP: 17/17 MP: 0/5
   670 | D:1      | Reached XP level 3. HP: 21/21 MP: 3/7
  2193 | D:2      | Reached XP level 4. HP: 19/27 MP: 6/9
  2317 | D:2      | Learned a level 4 spell: Iskenderun's Mystic Blast
  3329 | D:3      | Found a white marble altar of Elyvilon.
  3515 | D:4      | Slain by a goblin

Illustrated notes

Levels and vault maps discovered:
D:1:      arrival_aquarium_b, layout_basic,
          hellmonk_ecumenical_altar_pennies_from_heaven
D:2:      minmay_recursive_quarters, layout_loops_ring,
          kennysheep_decorative_pillar, st_stairs_3, minivault_27
D:3:      layout_loops_ring, marbit_many_paths
D:4:      layout_rooms, nicolae_overflow_hidden_temple, uniq_pargi

Skill      XL: |  1  2  3  4 |
---------------+-------------+-----
Spellcasting   | 3 4 |  4.0
Stealth        | 3 |  3.0
Dodging        | |  2.0
Conjurations   | |  4.0
Translocations | |  0.2

Action                   |  1- 3 |  4- 6 || total
-------------------------+-------+-------++-------
Melee: Unarmed           |     6 |    24 ||    30
       Tentacles         |     2 |     9 ||    11
       Constrict         |     2 |     6 ||     8
       Punch             |       |     2 ||     2
Throw: Javelin           |     2 |       ||     2
 Cast: Magic Dart        |    86 |    34 ||   120
 Stab: Sleeping          |     1 |     1 ||     2
Armor: Skin              |     1 |     1 ||     2
Dodge: Dodged            |     9 |    19 ||    28
